 Dungeon Sprint DCSS version 0.30-a0-953-g5f1da4a474 (webtiles) character file.

Game seed: 2963334446793623545

30 testman the Ruffian (level 3, -6/58 HPs)
             Began as a Troll Monk on Mar 28, 2023.
             Mangled by an ogre
             ... wielding a +0 giant club
              (17 damage)
             ... in the Dungeon (Sprint IX: "|||||||||||||||||||||||||||||").
             The game lasted 00:01:02 (38 turns).

testman the Ruffian (Troll Monk)                      Turns: 38, Time: 00:01:03

Health: -6/58      AC:  4    Str: 21    XL:     3   Next: 5%
Magic:  2/2        EV: 11    Int:  6    God:
Gold:   0          SH:  0    Dex: 12    Spells: 2/2 levels left

rFire   . . .      SeeInvis .      - Unarmed
rCold   . . .      Faith    .    (no shield)
rNeg    . . .      Spirit   .    a - +0 robe
rPois   .          Reflect  .    (helmet restricted)
rElec   .          Rampage  .    (no cloak)
rCorr   .          NoTele   +    (gloves unavailable)
Will    .....                    (boots unavailable) Stlth
                                 (no amulet)
HPRegen 1.09/turn                (no ring)
MPRegen 0.08/turn                (no ring)

@: berserking, very quick
A: large, unfitting armour, claws 3, regeneration 1, shaggy fur 1, tough skin 1
a: no special abilities


You were in the Dungeon.
You visited 1 branch

Inventory:

Armour
 a - a +0 robe (worn)
Scrolls
 h - a scroll of blinking
Potions
 b - a potion of ambrosia
 c - a potion of curing
 d - a potion of heal wounds
 e - a potion of haste
 f - 2 potions of magic


   Skills:
 + Level 3.7 Fighting
 + Level 3.8 Dodging
 - Level 1.0 Stealth
 + Level 4.6 Unarmed Combat


You had 2 spell levels left.
You didn't know any spells.
Your spell library was empty.

Dungeon Overview and Level Annotations

Branches:
Dungeon (1/1)

Altars:


Innate Abilities, Weirdness & Mutations

You are too large for most types of armour.
You have claws for hands.
Your natural rate of healing is unusually fast.
You are covered in fur. (AC +1)
You have tough skin. (AC +1)


Message History

The bat closely misses you.
You barely miss the bat. The bat closely misses you. The bat barely misses you.
You claw the bat!
You kill the bat!
Your Dodging skill increases to level 3!
You see here a bat corpse.
Items here: ))) ††.
You see here a bat corpse.
As you open the door, it creaks loudly!
A gnoll, an orc, an adder, an ogre and an iguana come into view.
The gnoll is wielding a +1 flail of protection.
The iguana hisses angrily.
The adder hisses angrily.
The orc shouts!
The gnoll shouts!
You scratch the iguana but do no damage.
You scratch the iguana but do no damage.
The iguana closely misses you.
You scratch the iguana but do no damage.
The iguana bites you!
Ouch! That really hurt!
You barely miss the iguana. The iguana bites you.
* * * LOW HITPOINT WARNING * * *
Sorry, you're not good enough to have a special ability.
A red film seems to cover your vision as you go berserk!
You feel yourself moving faster!
You feel mighty! The iguana bites you.
* * * LOW HITPOINT WARNING * * *
You claw the iguana!
The iguana is severely wounded.
The iguana bites you.
* * * LOW HITPOINT WARNING * * *
You claw the iguana!
You kill the iguana!
Your Fighting skill increases to level 3!
Your Unarmed Combat skill increases to level 4!
You have reached level 2!
You have reached level 3!
Your experience leads to an increase in your attributes!
Increase (S)trength, (I)ntelligence, or (D)exterity?
You feel stronger. x3
The ogre hits you with a +0 giant club!
You die... ▓▓▓▓▓▓▓▓▓▓▓▓▓▓▓▓▓▓ +.goSO@...†)'...<▓ ▓▓▓▓▓▓▓▓▓▓▓▓▓▓▓▓▓▓

You could see an ogre, a gnoll, an adder and an orc.

Vanquished Creatures
  An iguana (D)
  3 goblins (D)
  A quokka (D)
  A bat (D)
6 creatures vanquished.

Notes
Turn   | Place    | Note
-------+----------+-------------------------------------------
     0 | D        | testman the Troll Monk began the quest for the Orb.
     0 | D        | Reached XP level 1. HP: 22/22 MP: 0/0
    30 | D        | Noticed an ogre
    30 | D        | Noticed an iguana
    37 | D        | Killed an iguana
    38 | D        | Reached skill level 4 in Unarmed Combat
    38 | D        | Reached XP level 2. HP: 9/32 MP: 1/1
    38 | D        | Reached XP level 3. HP: 11/39 MP: 2/2
    38 | D        | Mangled by an ogre

Illustrated notes

Levels and vault maps discovered:
D:        linesprint [early_d, line_temple, items_1, d_10, items_2, lair_1,
          lair_end, items_3, orc_1, orc_end, items_4, d_15, swamp_1, shoals_1,
          snake_1, spider_1, d_20, vaults_1, items_5, swamp_end, shoals_end,
          snake_end, spider_end, vaults_end, d_27, items_6, zot_1, zot_end,
          crypt_end, forest_end, elf_end, slime_end, tomb_end, abyss_end,
          pan_hell_end]

Skill      XL: |  1 |
---------------+----+-----
Dodging        | 3 |  3.8
Fighting       | 3 |  3.7
Unarmed Combat | 4 |  4.6
Stealth        | |  1.0

Action                     || total
---------------------------++-------
  Melee: Unarmed           ||    24
    Use: Potion            ||     1
 Armour: Robe              ||     4
  Dodge: Dodged            ||    17

Table legend: (Time is in decaauts)
 A = Elapsed time spent in this place.
 B = Non-inter-level travel time spent in this place.
 C = Inter-level travel time spent in this place.
 D = Time resting spent in this place.
 E = Time spent auto-exploring this place.
 F = Levels seen in this place.
 G = Mean time per level.
                   A        B        C        D        E       F      G
               +--------+--------+--------+--------+--------+-----+--------+
         Total |     35 |     35 |      0 |      0 |      0 |   1 |   35.0 |
       Dungeon |     35 |     35 |      0 |      0 |      0 |   1 |   35.0 |
               +--------+--------+--------+--------+--------+-----+--------+

Top non-repeatable levels by time:
       D: 35 daAuts
